Map: Alcyone LE

Players

Basho - Winner!

  • Race: Terran Terran
  • League: Diamond
  • Spawn Location: 1:00

Predator

  • Race: Zerg Zerg
  • League: Diamond
  • Spawn Location: 7:00

VOD

Have the link to the VOD?

Description

Time

  • Played on: Sept. 9, 2024, 7:53 p.m.
  • Length: 17:39
Show
View Real Time Build Order
Export as new Build Order

Basho Terran - Winner!

Build Orders: Reaper Expand 

Get SALT Encoding   

  12  0:00  SCV  
  13  0:12  SCV  
  14  0:17  Supply Depot  
  14  0:24  SCV  
  15  0:38  SCV  
  15  0:41  Barracks  
  16  0:45  Refinery  
  16  0:50  SCV  
  17  1:02  SCV  
  18  1:19  SCV  
  19  1:32  Reaper  
  20  1:35  Command Center  
  20  1:43  Orbital Command  
  20  2:04  Barracks Reactor  
  20  2:09  SCV  
  21  2:18  Barracks x2  
  21  2:21  SCV  
  22  2:25  Supply Depot  
  22  2:33  SCV  
  23  2:55  Marine x2  
  25  2:59  SCV, Orbital Command, Factory  
  25  3:00  Refinery  
  26  3:07  Barracks Tech Lab x2  
  26  3:11  SCV  
  27  3:16  Marine x2  
  29  3:31  Stimpack  
  29  3:33  Marine  
  29  3:34  Marine  
  30  3:35  Marine x2  
  30  3:36  SCV  
  34  3:48  Starport  
  34  3:49  SCV  
  34  3:51  Marine x2  
  34  3:53  Marine  
  38  3:55  Supply Depot  
  38  3:57  Factory Reactor  
  38  4:00  Marine  
  38  4:01  SCV  
  40  4:03  Orbital Command  
  39  4:18  Marine x4  
  39  4:19  Combat Shield  
  39  4:20  SCV  
  44  4:26  Supply Depot  
  44  4:29  SCV  
  45  4:32  SCV  
  46  4:43  Refinery  
  46  4:48  SCV x2  
  48  4:53  Marine  
  48  4:54  Marine x2  
  48  4:59  Engineering Bay  
  51  5:01  SCV  
  51  5:02  SCV  
  51  5:05  Factory Tech Lab  
  53  5:14  SCV  
  54  5:16  Supply Depot  
  54  5:17  Supply Depot  
  54  5:19  Concussive Shells  
  54  5:31  SCV x2, Medivac x2  
  60  5:40  Supply Depot  
  60  5:41  Supply Depot  
  60  5:42  Terran Infantry Weapons Level 1  
  60  5:43  SCV  
  60  5:49  Command Center  
  61  5:55  Engineering Bay  
  61  5:58  SCV x2  
  63  6:04  Siege Tank  
  63  6:05  Refinery  
  63  6:10  SCV  
  67  6:23  SCV x2  
  67  6:24  Medivac x2  
  73  6:26  Marauder x2, Marine x2  
  79  6:37  Supply Depot  
  79  6:42  Engineering Bay  
  79  6:44  Armory  
  79  6:45  Siege Tank  
  82  6:59  Marine  
  82  7:00  Marauder x2, Marine  
  67  7:17  Marine  
  67  7:21  Marauder x2  
  64  7:33  Marine  
  64  7:35  Marine  
  64  7:37  Terran Infantry Armor Level 1  
  65  7:42  Marauder, Orbital Command  
  56  8:05  SCV  
  56  8:08  SCV  
  58  8:18  SCV  
  59  8:20  SCV, Orbital Command  
  59  8:25  Refinery, Barracks  
  59  8:26  Barracks  
  60  8:27  Barracks  
  60  8:30  SCV  
  60  8:31  Terran Infantry Weapons Level 2  
  60  8:32  SCV  
  62  8:42  SCV  
  62  8:45  SCV, Missile Turret  
  62  8:47  Missile Turret  
  64  8:52  Marauder  
  64  8:53  Marauder, Marine, Missile Turret  
  64  8:54  SCV  
  70  8:57  SCV  
  72  9:06  SCV  
  72  9:09  SCV  
  73  9:10  Refinery  
  73  9:12  Refinery  
  73  9:14  Marauder  
  73  9:15  Barracks Reactor x2, Orbital Command  
  73  9:16  Marine x2  
  77  9:18  SCV  
  77  9:21  SCV  
  77  9:22  Ghost Academy  
  77  9:23  Ghost Academy  
  79  9:28  Ghost Academy  
  79  9:39  SCV  
  79  9:40  SCV  
  79  9:41  SCV  
  82  9:51  SCV  
  82  9:52  SCV  
  84  9:53  SCV  
  84  9:55  Personal Cloaking  
  84  9:57  Nuke  
  84  9:59  Nuke  
  85  10:06  Missile Turret  
  85  10:18  Missile Turret  
  85  10:23  Supply Depot  
  85  10:24  Supply Depot, Barracks Tech Lab  
  85  10:25  Supply Depot, Terran Infantry Armor Level 2  
  85  10:27  Supply Depot  
  85  10:38  Supply Depot x2  
  85  10:44  Ghost x3  
  85  10:45  SCV x3, Marine x6  
  85  10:48  Supply Depot  
  100  10:52  Supply Depot  
  100  10:57  SCV x3  
  100  11:01  Command Center  
  100  11:03  Missile Turret  
  103  11:09  SCV x2  
  103  11:10  SCV  
  106  11:14  Marauder, Marine  
  106  11:16  Marine  
  106  11:17  Marine  
  111  11:18  Marine  
  111  11:21  SCV x2  
  111  11:22  SCV  
  111  11:24  Missile Turret  
  115  11:32  Ghost x2  
  115  11:33  Marine x3  
  115  11:34  Marine  
  115  11:35  Marine x2  
  115  11:36  Nuke  
  125  11:46  Sensor Tower  
  125  11:51  Marine x2  
  125  11:53  Marauder  
  125  11:54  Terran Infantry Weapons Level 3  
  129  12:02  Marauder  
  117  12:16  Ghost  
  117  12:17  Marine x6  
  117  12:19  Nuke x2  
  123  12:28  Supply Depot  
  123  12:39  Missile Turret  
  123  12:43  SCV  
  124  12:44  Marauder, Marine x6  
  124  12:45  Marauder  
  124  12:48  Command Center, Refinery  
  124  12:51  Refinery  
  130  12:59  Missile Turret  
  130  13:13  Marine  
  130  13:14  Marauder x2, Marine x5  
  130  13:15  Medivac x2  
  130  13:17  Marine  
  145  13:20  Missile Turret  
  145  13:28  Supply Depot  
  145  13:30  Terran Infantry Armor Level 3  
  145  13:31  Marine  
  145  13:32  Marine x4  
  150  13:35  Marauder  
  152  13:42  Missile Turret  
  152  13:45  Medivac x2  
  151  13:50  Ghost  
  151  13:51  Ghost  
  151  13:52  Marine  
  145  13:56  Ghost  
  145  14:05  Marine x2  
  145  14:06  Marine x3  
  148  14:10  Marine  
  148  14:15  Medivac x2  
  151  14:19  Ghost x2  
  143  14:25  Marauder  
  143  14:26  Marine  
  143  14:31  Neosteel Armor  
  144  14:32  Nuke x3  
  144  14:36  Planetary Fortress  
  144  14:37  Orbital Command  
  144  14:40  Missile Turret  
  144  14:46  Ghost  
  144  14:47  Ghost  
  144  14:48  Ghost  
  144  14:52  Marine x3  
  151  14:56  Command Center  
  151  15:01  Missile Turret  
  151  15:04  Barracks  
  151  15:12  Medivac x2  
  153  15:25  Missile Turret  
  153  15:43  Marauder, Marine  
  153  15:44  Marauder x2  
  135  16:20  Marine  
  135  16:21  Marauder x3, Marine x5  
  147  16:28  Command Center, Barracks Tech Lab  
  145  16:38  Marine x2  
  146  16:42  Marauder  
Show
View Real Time Build Order
Export as new Build Order

Predator Zerg 

Build Orders: Hatch First, Zergling Baneling 

Get SALT Encoding   

  12  0:00  Drone  
  13  0:09  Drone  
  14  0:20  Extractor x2  
  14  0:21  Drone x2  
  14  0:27  Overlord  
  16  0:49  Hatchery  
  15  0:53  Drone  
  15  0:55  Extractor  
  15  0:57  Drone  
  15  1:04  Drone  
  17  1:16  Spawning Pool  
  16  1:20  Drone  
  16  1:22  Drone  
  18  1:31  Drone  
  19  1:37  Drone  
  20  1:54  Overlord  
  20  2:03  Queen  
  20  2:04  Metabolic Boost  
  20  2:06  Zergling x4  
  24  2:10  Queen  
  26  2:19  Zergling x2  
  26  2:20  Zergling x2  
  28  2:31  Zergling x4  
  28  2:32  Zergling x2  
  31  2:40  Zergling x2  
  31  2:44  Zergling x2  
  33  2:51  Zergling x2  
  33  2:56  Zergling x4  
  35  3:02  Baneling Nest  
  34  3:05  Overlord  
  34  3:06  Drone  
  35  3:25  Drone x3  
  35  3:26  Drone  
  38  3:41  Drone x5  
  39  3:45  Baneling  
  39  3:46  Baneling x8  
  43  4:03  Overlord  
  39  4:15  Hatchery  
  36  4:35  Extractor  
  36  4:37  Drone  
  36  4:38  Drone x9  
  45  4:44  Roach Warren  
  42  4:57  Extractor  
  42  4:59  Lair  
  41  5:23  Drone x4  
  41  5:24  Drone  
  41  5:25  Overlord  
  41  5:26  Overlord x2  
  46  5:29  Queen  
  48  5:41  Roach x5  
  58  5:49  Roach x3  
  70  5:50  Roach x3  
  70  6:01  Tunneling Claws  
  70  6:02  Burrow  
  70  6:07  Roach x4  
  78  6:12  Drone x3  
  82  6:18  Zergling x2  
  82  6:35  Spine Crawler  
  82  6:37  Spine Crawler  
  81  6:40  Spore Crawler, Zergling x4  
  81  6:41  Overlord x2, Zergling x2  
  73  7:07  Zergling x2  
  73  7:08  Zergling x28  
  78  7:30  Baneling x2, Roach x5  
  78  7:31  Baneling x3  
  52  8:01  Drone  
  52  8:02  Drone x11, Queen  
  52  8:03  Queen  
  62  8:13  Drone x3  
  62  8:14  Drone x2  
  67  8:26  Overlord  
  67  8:27  Overlord, Drone  
  67  8:30  Overseer  
  67  8:31  Overseer  
  67  8:32  Extractor  
  67  8:34  Extractor  
  66  8:39  Infestation Pit  
  65  8:43  Evolution Chamber  
  65  8:44  Drone  
  65  8:47  Evolution Chamber  
  64  9:06  Roach x4  
  72  9:10  Zerg Ground Armor Level 1  
  72  9:12  Centrifugal Hooks  
  72  9:13  Zerg Melee Weapons Level 1  
  72  9:20  Infestor x4  
  80  9:29  Drone x3  
  80  9:31  Extractor  
  81  9:41  Infestor x2  
  85  9:57  Drone x3  
  85  9:58  Drone x3  
  85  9:59  Drone x7  
  90  10:14  Hive  
  90  10:17  Infestor x2, Hatchery  
  93  10:22  Zergling x18  
  93  10:27  Hatchery  
  101  10:36  Neural Parasite  
  101  10:37  Overlord  
  101  10:39  Overlord  
  101  10:53  Overlord  
  101  11:02  Hatchery  
  101  11:03  Zergling x24  
  101  11:04  Zergling x4  
  114  11:18  Extractor x2  
  110  11:32  Baneling  
  110  11:33  Baneling x7  
  110  11:46  Adrenal Glands  
  110  11:48  Zerg Melee Weapons Level 2  
  110  11:49  Overlord x2  
  110  11:56  Ultralisk Cavern  
  106  12:03  Baneling x2  
  106  12:04  Baneling  
  71  12:10  Drone  
  71  12:11  Drone x10  
  71  12:13  Queen  
  57  12:26  Zergling x2  
  57  12:27  Infestor x8, Zergling x18  
  62  12:39  Drone x2  
  60  12:56  Drone x2  
  62  13:10  Infestor x8  
  62  13:25  Baneling x6  
  62  13:26  Baneling  
  62  13:33  Infestor x7  
  45  13:58  Overseer  
  42  14:06  Ultralisk x2  
  42  14:08  Infestor x7  
  47  14:32  Infestor x7  
  47  14:40  Drone x2  
  47  14:42  Infestor x7  
  49  14:48  Drone x3  
  49  14:49  Drone x4  
  49  14:50  Drone x7  
  63  15:11  Infestor x7  
  63  15:12  Overseer  
  63  15:27  Overseer  
  63  15:33  Infestor x5  
  63  15:34  Spawning Pool  
  62  15:37  Infestation Pit  
  61  15:47  Infestor x5  
  52  16:06  Drone x10  
  52  16:07  Drone x6  
  68  16:15  Evolution Chamber  
  68  16:17  Drone  
Tags
 
Add a new tag
Caveats
  • Supply blocks, unpowered buildings, or Contaminate may cause inaccurate times.
  • Supply counts are checked every 10 seconds.